 Dungeon Crawl Stone Soup version 0.19.3-1-g3169bf9 (webtiles) character file.

5809 Naow the Anointer (level 10, -2/50 HPs)
             Began as a Deep Elf Conjurer on Jan 23, 2017.
             Was an Elder of Sif Muna.
             Killed by divine providence
             ... invoked by an orc priest
              (15 damage)
             ... on level 8 of the Dungeon.
             The game lasted 00:18:48 (10066 turns).

Naow the Anointer (Deep Elf Conjurer)              Turns: 10066, Time: 00:18:49

Health: -2/50      AC:  8    Str:  5    XL:     10   Next: 50%
Magic:  7/28       EV: 12    Int: 24    God:    Sif Muna [****..]
Gold:   286        SH:  0    Dex: 21    Spells: 3 memorised, 25 levels left

rFire  . . .     SeeInvis .     n - +0 dagger
rCold  . . .     Gourm    .     k - +0 troll leather armour
rNeg   . . .     Faith    .     (no shield)
rPois  .         Spirit   .     (no helmet)
rElec  .         Reflect  .     w - +2 cloak
rCorr  .         Harm     .     l - +0 pair of gloves
MR     +....                    (no boots)
Stlth  +++.......               (no amulet)
                                A - +6 ring of dexterity
                                v - ring of stealth

@: no status effects
A: no striking features
a: Divine Energy, Channel Magic, Forget Spell, Renounce Religion


You were on level 8 of the Dungeon.
You worshipped Sif Muna.
Sif Muna was greatly pleased with you.
You were hungry.

You visited 2 branches of the dungeon, and saw 9 of its levels.
You also visited: Sewer.

You collected 286 gold pieces.

Inventory:

Hand Weapons
 n - a +0 dagger (weapon)
Armour
 a - a +0 robe
 k - a +0 troll leather armour (worn)
 l - a +0 pair of gloves (worn)
 w - a +2 cloak (worn)
Jewellery
 v - a ring of stealth (left hand)
 A - a +6 ring of dexterity (right hand)
 I - a +4 ring of dexterity
 M - an uncursed ring of protection from cold {unknown}
Wands
 s - a wand of slowing (29/48)
 z - a wand of acid (7/15)
 L - a wand of lightning (9/15)
 R - a wand of paralysis (14/24)
Scrolls
 d - 6 scrolls of remove curse {unknown}
 f - 3 scrolls of teleportation {unknown}
 g - a scroll of recharging {unknown}
 j - 6 scrolls of identify {unknown}
 m - a scroll of immolation {unknown}
 o - 2 scrolls of amnesia {unknown}
 p - 2 scrolls of magic mapping {unknown}
 q - a scroll of noise {unknown}
 y - a scroll of enchant armour {unknown}
 E - 2 scrolls of enchant weapon {unknown}
 J - 2 scrolls of fear {unknown}
 P - a scroll of blinking {unknown}
Potions
 e - 13 potions of curing {unknown}
 i - 2 potions of magic {unknown}
 r - a potion of beneficial mutation {unknown}
 t - a potion of resistance {unknown}
 u - a potion of invisibility {unknown}
 x - 3 potions of heal wounds {unknown}
 B - a potion of degeneration {unknown}
 C - 2 potions of mutation {unknown}
 D - 2 potions of might {unknown}
 F - 4 potions of agility {unknown}
 G - 2 potions of brilliance {unknown}
 H - 3 potions of flight {unknown}
 K - a potion of cancellation {unknown}
Books
 b - a book of Conjurations

   Spells                             Type                      Level
   a - Magic Dart                     Conjuration                  1
   b - Searing Ray                    Conjuration                  2
   c - Dazzling Spray                 Conjuration/Hexes            3
   d - Fulminant Prism                Conjuration/Hexes            4
   e - Iskenderun's Mystic Blast      Conjuration                  4
   f - Iskenderun's Battlesphere      Conjuration/Charms           5
Comestibles
 c - 5 bread rations
 h - 4 beef jerkies
 N - 2 fruits
 O - 7 slices of pizza
 Q - 16 chunks of flesh


   Skills:
 + Level 2.4 Dodging
 - Level 2.4 Stealth
 + Level 12.1 Spellcasting
 + Level 7.5 Conjurations
 - Level 15.4 Charms


You had 25 spell levels left.
You knew the following spells:

 Your Spells              Type           Power        Failure   Level  Hunger
a - Magic Dart            Conj           ####         1%          1    None
b - Searing Ray           Conj           ######       1%          2    None
c - Iskenderun's Battles  Conj/Chrm      ######..     1%          5    ###....


Dungeon Overview and Level Annotations

Branches:
Dungeon (8/15)             Temple (1/1) D:5            Lair (0/6) D:8

Altars:
Ashenzari
Cheibriados
Dithmenos
Fedhas
Gozag
Hepliaklqana
Kikubaaqudgha
Makhleb
Okawaru
Qazlal
Ru
Sif Muna
Trog
Uskayaw
Xom
Zin
The Shining One


Message History

Casting: Magic Dart
Confirm with . or Enter, or press ? or * to list all spells.
You conjure a globe of magical energy.
You are feeling hungry.
The orc priest calls down the wrath of Beogh upon you.
Beogh smites you! The orc warrior hits you with a mace!
* * * LOW HITPOINT WARNING * * *
Casting: Iskenderun's Battlesphere
Confirm with . or Enter, or press ? or * to list all spells.
Aiming: Magic Dart
Press: ? - help, Shift-Dir - straight line, f/p - orc warrior
Aim: an orc warrior, wielding a mace and wearing a plate armour (moderately wounded)
The magic dart hits the orc warrior.
The orc warrior is moderately wounded.
Your battlesphere fires!
The barrage of energy hits the orc warrior.
The orc warrior is heavily wounded.
The orc priest mumbles some strange prayers to Beogh against you.
Beogh smites you!
You die...

.... .. ... #..#.# ..
. .. #.##.####.###..
#.######.##........[..
#...........##.....#
#...........#(....#
#............*@o.#
#..>.........#o(#
#..........#.....oo
#^##.).##.##...###.#
#.##..###.>....# ..
#...)## ###....# .
###..## #...... ##..#
#.(..## #..## ##.#


You could see an orc warrior, an orc priest, 2 orcs and a friendly battlesphere.

Vanquished Creatures
  Pikel (D:7)
  An ice statue (D:7)
  The ghost of chimenez the Bolt Thrower, a novice FoHu (D:6)
  Prince Ribbit (D:5)
  A hippogriff (D:7)
  Sigmund (D:3)
  Eustachio (D:4)
  3 hogs (D:7)
  A human (D:7)
  2 yaks
  A hungry ghost (D:7)
  2 hell hounds (D:8)
  A water moccasin (D:6)
  An ice beast (D:4)
  A sky beast (D:5)
  Duvessa (D:5)
  3 slaves (D:7)
  2 orc warriors
  7 ogres
  2 big kobolds
  2 bullfrogs (D:7)
  Dowan (D:5)
  A scorpion (D:4)
  A wight (D:6)
  2 howler monkeys
  A crimson imp (D:5)
  A centaur zombie (D:6)
  A quasit (D:5)
  5 orc priests
  5 hounds
  3 jellies
  7 orc wizards
  Jessica (D:2)
  Ijyb (D:3)
  Natasha (thrice) (D:3)
  A worker ant (D:5)
  2 killer bee zombies
  A hound zombie (D:8)
  A hound skeleton (D:6)
  A worker ant zombie (D:5)
  5 gnolls
  12 adders
  6 river rats
  3 shadow imps
  2 oozes (D:2)
  An adder zombie (D:6)
  3 worms
  3 dart slugs (D:4)
  10 leopard geckos
  18 orcs
  7 bats
  6 giant cockroaches
  8 goblins
  11 hobgoblins
  3 jackals (D:2)
  7 quokkas
  3 ball pythons (Sewer)
  8 frilled lizards
  26 kobolds
  25 rats
242 creatures vanquished.

Vanquished Creatures (others)
  5 dream sheep (D:7)
  A slave (D:7)
  An orc (D:7)
7 creatures vanquished.

Grand Total: 249 creatures vanquished

Notes
Turn   | Place    | Note
-------+----------+-------------------------------------------
     0 | D:1      | Naow the Deep Elf Conjurer began the quest for the Orb.
     0 | D:1      | Reached XP level 1. HP: 10/10 MP: 6/6
   279 | D:1      | Reached XP level 2. HP: 15/15 MP: 6/8
   728 | D:1      | Found a snail-covered altar of Cheibriados.
  1138 | D:2      | Noticed Jessica
  1140 | D:2      | Killed Jessica
  1140 | D:2      | Reached skill level 5 in Conjurations
  1140 | D:2      | Reached XP level 3. HP: 4/19 MP: 6/10
  1183 | D:2      | Found a faded altar of an unknown god.
  1261 | D:2      | Learned a level 2 spell: Searing Ray
  1523 | D:2      | Reached XP level 4. HP: 24/24 MP: 10/12
  2162 | D:2      | Found a stormy altar of Qazlal.
  2165 | D:2      | Found a bloodstained altar of Trog.
  2176 | D:2      | Found an ancient bone altar of Kikubaaqudgha.
  2637 | D:3      | Noticed Ijyb
  2648 | D:3      | Killed Ijyb
  2648 | D:3      | Reached skill level 5 in Spellcasting
  2648 | D:3      | Reached XP level 5. HP: 25/28 MP: 5/14
  2745 | D:3      | Noticed Natasha
  2751 | D:3      | Killed Natasha
  2838 | D:3      | Noticed Sigmund
  2846 | D:3      | Killed Sigmund
  2846 | D:3      | Reached XP level 6. HP: 23/32 MP: 2/16
  3046 | D:3      | Noticed Natasha
  3050 | D:3      | Killed Natasha
  3158 | D:3      | Noticed Natasha
  3163 | D:3      | Killed Natasha
  3496 | D:4      | Learned a level 5 spell: Iskenderun's Battlesphere
  3510 | D:4      | Reached skill level 1 in Charms
  3608 | D:4      | Reached skill level 2 in Charms
  3637 | D:4      | Noticed Eustachio
  3657 | D:4      | Killed Eustachio
  3657 | D:4      | Reached skill level 4 in Charms
  3657 | D:4      | Reached XP level 7. HP: 36/36 MP: 6/19
  3914 | D:4      | Reached skill level 5 in Charms
  4371 | D:5      | Entered Level 5 of the Dungeon
  4397 | D:5      | Reached skill level 6 in Charms
  4470 | D:5      | Found a staircase to the Ecumenical Temple.
  4518 | Temple   | Entered the Ecumenical Temple
  4697 | Temple   | Became a worshipper of Sif Muna the Loreminder
  4725 | D:5      | Reached XP level 8. HP: 41/41 MP: 14/21
  4803 | D:5      | Reached skill level 7 in Charms
  5051 | D:5      | Found a glowing drain.
  5062 | Sewer    | Entered a sewer
  5718 | Sewer    | Reached * piety under Sif Muna
  5983 | D:5      | Noticed Duvessa
  5983 | D:5      | Noticed Dowan
  5991 | D:5      | Killed Duvessa
  5991 | D:5      | Reached skill level 8 in Charms
  5993 | D:5      | Killed Dowan
  6231 | D:5      | Reached skill level 9 in Charms
  6332 | D:5      | Noticed Prince Ribbit
  6342 | D:5      | Killed Prince Ribbit
  6342 | D:5      | Reached skill level 10 in Charms
  6745 | D:6      | Noticed chimenez's ghost (novice FoHu)
  6819 | D:6      | Killed chimenez's ghost
  6819 | D:6      | Reached ** piety under Sif Muna
  6819 | D:6      | Reached skill level 11 in Charms
  6819 | D:6      | Reached XP level 9. HP: 31/45 MP: 11/24
  7115 | D:6      | Reached skill level 10 in Spellcasting
  7854 | D:6      | Reached skill level 12 in Charms
  7931 | D:7      | Found an opulent altar of Gozag.
  8194 | D:7      | Found a bloodstained altar of Trog.
  8242 | D:7      | Noticed Pikel
  8255 | D:7      | Killed Pikel
  8255 | D:7      | Reached *** piety under Sif Muna
  8255 | D:7      | Reached skill level 13 in Charms
  8647 | D:7      | Reached skill level 14 in Charms
  8647 | D:7      | Reached XP level 10. HP: 43/50 MP: 19/27
  8697 | D:7      | Noticed an ice statue
  8718 | D:7      | Killed an ice statue
  9122 | D:7      | Found a shimmering altar of Xom.
  9244 | D:7      | Reached **** piety under Sif Muna
  9345 | D:7      | Reached skill level 15 in Charms
  9820 | D:8      | Found a staircase to the Lair.
 10066 | D:8      | Killed from afar by an orc priest

Skill      XL: |  1  2  3  4  5  6  7  8  9 10 |
---------------+-------------------------------+-----
Spellcasting   | 4 5 6 7 9 11 12 | 12.1
Conjurations   | 5 6 7 |  7.5
Charms         | 4 6 11 14 15 | 15.4
Dodging        | |  2.4
Stealth        | |  2.4

Action                   |  1- 3 |  4- 6 |  7- 9 | 10-12 || total
-------------------------+-------+-------+-------+-------++-------
Melee: Unarmed           |     6 |       |       |       ||     6
       Dagger            |       |       |     2 |       ||     2
 Cast: Magic Dart        |    58 |   131 |   328 |   126 ||   643
       Searing Ray       |       |     6 |    29 |     2 ||    37
       Iskenderun's Batt |       |       |     6 |    14 ||    20
 Stab: Sleeping          |     1 |       |     1 |       ||     2
  Eat: Chunk             |     2 |     6 |    15 |     5 ||    28
       Beef jerky        |       |       |       |     1 ||     1
Armor: Robe              |     2 |       |       |       ||     2
       Troll leather arm |     2 |     6 |    48 |    23 ||    79
Dodge: Dodged            |    13 |    10 |    83 |    41 ||   147
